 Dungeon Crawl Stone Soup version 0.31.0-12-g77e489cdc1 (webtiles) character file.

Game seed: 15392265874838071989

931 firemarshallily the Conjurer (level 7, -5/85 HPs)
             Began as a Demigod Conjurer on Mar 5, 2024.
             Slain by Duvessa
             ... wielding a +0 rapier
              (10 damage)
             ... on level 5 of the Dungeon.
             The game lasted 00:11:41 (4166 turns).

firemarshallily the Conjurer (Demigod Conjurer)     Turns: 4166, Time: 00:11:41

Health: -5/85      AC:  3    Str: 12    XL:     7   Next: 55%
Magic:  12/17      EV: 13    Int: 24    God:
Gold:   237        SH:  0    Dex: 12    Spells: 4/15 levels left

rFire   . . .        v - +2 dagger (venom)
rCold   . . .        (no shield)
rNeg    . . .        a - +0 robe
rPois   .            n - +1 hat
rElec   .            (no cloak)
rCorr   .            (no gloves)
SInv    .            (no boots)
Will    .....        h - amulet of magic regeneration Stlth
                     (no ring)
HPRegen 0.34/turn    (no ring)
MPRegen 0.55/turn

%: no passive effects
@: berserking, very quick
A: high MP 1, forlorn, divine attributes
a: no special abilities


You were on level 5 of the Dungeon.
You visited 1 branch of the dungeon, and saw 5 of its levels.

You collected 237 gold pieces.

Inventory:

Hand Weapons
 v - a +2 dagger of venom (weapon)
Missiles
 s - 6 atropa-tipped darts
 z - 4 poisoned darts
Armour
 a - a +0 robe (worn)
 n - a +1 hat (worn)
 p - a scarf of shadows
 B - a +1 leather armour of positive energy
Jewellery
 h - an amulet of magic regeneration (around neck)
Wands
 t - a wand of mindburst (14)
 u - a wand of charming (16)
Scrolls
 c - a scroll of immolation {unknown}
 j - 2 scrolls of amnesia {unknown}
 k - a scroll of torment {unknown}
 l - a scroll of enchant armour {unknown}
 q - 2 scrolls of teleportation {unknown}
 r - 6 scrolls of poison {unknown}
 x - a scroll of noise {unknown}
 y - a scroll of identify {unknown}
 A - a scroll of revelation {unknown}
Potions
 b - a potion of magic
 d - 2 potions of might
 e - a potion of cancellation {unknown}
 f - a potion of berserk rage
 g - a potion of invisibility {unknown}
 i - 2 potions of curing {unknown}
 m - 2 potions of brilliance {unknown}
 o - a potion of ambrosia {unknown}
 w - a potion of mutation {unknown}
 C - a potion of degeneration {unknown}


   Skills:
 + Level 3.1 Fighting
 * Level 0.3 Armour
 - Level 3.8 Dodging
 - Level 2.0 Stealth
 * Level 4.7 Spellcasting
 + Level 5.0 Conjurations
 + Level 2.3 Fire Magic


You had 4 spell levels left.
You knew the following spells:

 Your Spells              Type           Power      Damage    Failure   Level
a - Magic Dart            Conj           100%       1d8       1%          1
b - Searing Ray           Conj           58%        2d6       1%          2
c - Fulminant Prism       Conj/Alch      8%         3d7       32%         4
d - Flame Wave            Conj/Fire      23%        2d8       21%         4

Your spell library contained the following spells:

 Spells                   Type           Power      Damage    Failure   Level
 Foxfire                  Conj/Fire      92%        2x1d8     1%          1
 Scorch                   Fire           34%        2d6       5%          2
 Iskenderun's Mystic Bla  Conj/Tloc      17%        2d5       32%         4
 Starburst                Conj/Fire      11%        6d5       97%         6
 Plasma Beam              Fire/Air       5%         2x1d16    100%        6
 Summon Cactus Giant      Summ           2%         N/A       100%        6


Dungeon Overview and Level Annotations

Branches:
Dungeon (5/15)             Temple (0/1) D:4

Annotations:
D:5 Duvessa


Innate Abilities, Weirdness & Mutations

You have an increased reservoir of magic. (+10% MP)
You shall have no god before yourself.
Your divine heritage dramatically boosts your attributes as you level up.


Message History

Duvessa is lightly wounded.
Your fulminant prism explodes!
The blast of energy engulfs Dowan!
Dowan is moderately wounded.
The blast of energy engulfs Duvessa.
Duvessa is moderately wounded.
Duvessa hits you with a +0 rapier.
Casting: Fulminant Prism (quite dangerous; 32% risk of failure)
Confirm with . or Enter, or press ? or * to list all spells.
Aiming: Searing Ray (safe; 1% risk of failure)
Press: ? - help, Shift-Dir - straight line, f - Dowan
Aim: Dowan, wielding a +0 dagger, wearing a +0 robe and carrying a wand of flame (moderately wounded, 71% to hit)
The searing ray hits Duvessa.
Duvessa is heavily wounded.
The searing ray hits Dowan.
Dowan is severely wounded. (Press . to maintain the ray.) Duvessa hits you with a +0 rapier!
The searing ray misses Duvessa.
The searing ray hits Dowan!
You kill Dowan!
Duvessa screams, "No!
How DARE you!"
Duvessa goes berserk!
Duvessa hits you with a +0 rapier.
Your Conjurations skill increases to level 5!
The searing ray hits Duvessa but does no damage.
Duvessa is heavily wounded.
Duvessa hits you with a +0 rapier!
* * * LOW HITPOINT WARNING * * *
Duvessa hits you but does no damage.
It was a potion of berserk rage.
A red film seems to cover your vision as you go berserk!
You feel yourself moving faster!
You feel mighty! Duvessa hits you with a +0 rapier!
* * * LOW HITPOINT WARNING * * *
You hit Duvessa but do no damage.
Duvessa looks as sick as possible!
Duvessa is heavily wounded.
Duvessa closely misses you.
You puncture Duvessa!
Duvessa looks as sick as possible!
Duvessa is severely wounded.
Duvessa hits you with a +0 rapier!
You die...

### #.. #.# #.#
#$# #)# #e# ##@#
#. ##.#.# ..
#.######.###.###
## #.......##
#.. ########.##
.###
####.#.#####
######
#...........
.[...#
#.##########
####.# #.#


You could see Duvessa (berserk, extremely poisoned).

Vanquished Creatures
  Sigmund (D:5)
  Eustachio (D:5)
  2 ogres (D:5)
  A phantom (D:4)
  A scorpion (D:5)
  Dowan (D:5)
  2 hounds (D:5)
  A gnoll bouda (D:4)
  2 iguanas
  3 gnolls (D:2)
  4 adders
  2 dart slugs
  10 orcs
  9 ball pythons
  2 bats
  9 endoplasms
  5 giant cockroaches
  10 goblins
  3 hobgoblins
  5 jackals
  A quokka (D:4)
  2 frilled lizards (D:1)
  5 kobolds
  2 rats
84 creatures vanquished.

Vanquished Creatures (others)
  A fulminant prism (D:5)
1 creature vanquished.

Grand Total: 85 creatures vanquished

Notes
Turn   | Place    | Note
-------+----------+-------------------------------------------
     0 | D:1      | firemarshallily the Demigod Conjurer began the quest for
                  | the Orb.
     0 | D:1      | Reached XP level 1. HP: 14/14 MP: 5/5
   149 | D:1      | You fall into a shaft and drop 1 floor!
   317 | D:1      | Reached XP level 2. HP: 20/20 MP: 4/7
  1200 | D:2      | Learned a level 2 spell: Searing Ray
  1613 | D:2      | Reached XP level 3. HP: 27/27 MP: 9/9
  1968 | D:2      | Reached skill level 1 in Fighting
  1968 | D:2      | Reached skill level 4 in Conjurations
  2307 | D:3      | Reached XP level 4. HP: 35/35 MP: 6/10
  2335 | D:3      | Learned a level 4 spell: Fulminant Prism
  3031 | D:4      | Noticed a phantom
  3038 | D:4      | Killed a phantom
  3039 | D:4      | Reached XP level 5. HP: 41/41 MP: 7/13
  3412 | D:4      | Found a staircase to the Ecumenical Temple.
  3521 | D:5      | Entered Level 5 of the Dungeon
  3521 | D:5      | Noticed an ogre
  3526 | D:5      | Killed an ogre
  3527 | D:5      | Reached skill level 1 in Fire Magic
  3527 | D:5      | Reached XP level 6. HP: 20/48 MP: 8/14
  3637 | D:5      | Noticed Sigmund
  3648 | D:5      | Killed Sigmund
  3805 | D:5      | Reached XP level 7. HP: 48/56 MP: 11/16
  3924 | D:5      | Noticed Eustachio
  3937 | D:5      | Killed Eustachio
  4120 | D:5      | Learned a level 4 spell: Flame Wave
  4152 | D:5      | Noticed Duvessa
  4157 | D:5      | Noticed Dowan
  4162 | D:5      | Killed Dowan
  4163 | D:5      | Reached skill level 5 in Conjurations
  4166 | D:5      | Slain by Duvessa

Illustrated notes

Levels and vault maps discovered:
D:1:      nicolae_arrival_washed_ashore, layout_basic,
          amcnicky_mini_corridor_feature
D:2:      layout_basic, minmay_tetromino_t4
D:3:      layout_rooms
D:4:      minmay_inner_zag, layout_basic, lightli_temple_of_fire,
          minmay_temple_entry_antechambers
D:5:      layout_loops_ring, uniq_duvessa, uniq_eustachio, uniq_sigmund

Skill      XL: |  1  2  3  4  5  6  7 |
---------------+----------------------+-----
Stealth        | 2 |  2.0
Dodging        | 2 3 |  3.8
Spellcasting   | 2 3 4 |  4.7
Fighting       | 1 2 3 |  3.1
Conjurations   | 4 5 |  5.0
Fire Magic     | 1 2 |  2.3
Armour         | |  0.3

Action                     |  1- 3 |  4- 6 |  7- 9 || total
---------------------------+-------+-------+-------++-------
  Melee: Dagger            |    14 |    15 |     4 ||    33
   Cast: Magic Dart        |    84 |    87 |    10 ||   181
         Searing Ray       |     1 |    11 |     6 ||    18
         Fulminant Prism   |       |       |     1 ||     1
    Use: Potion            |       |     1 |     1 ||     2
   Stab: Sleeping          |       |     2 |       ||     2
 Armour: Robe              |    17 |    22 |    16 ||    55
  Dodge: Dodged            |    20 |    25 |     5 ||    50
